 Dungeon Crawl Stone Soup version 0.30-b1-2-g02819fbbbe (webtiles) character file.

Game seed: 15864095174310068458

877 nightchill the Cudgeller (level 8, -1/52 HPs)
             Began as a Gargoyle Fighter on Jan 5, 2024.
             Slain by an ogre
             ... wielding a +0 giant spiked club
              (17 damage)
             ... on level 5 of the Dungeon.
             The game lasted 00:05:16 (4129 turns).

nightchill the Cudgeller (Gargoyle Fighter)         Turns: 4129, Time: 00:05:16

Health: -1/52      AC: 17    Str: 22    XL:     8   Next: 4%
Magic:  1/8        EV:  9    Int:  7    God:
Gold:   205        SH:  4    Dex: 13    Spells: 7/7 levels left

rFire   . . .        a - +0 flail
rCold   . . .        c - +0 buckler
rNeg    + . .        b - +0 scale mail
rPois   ∞            k - +2 helmet
rElec   +            (no cloak)
rCorr   .            x - +1 pair of gloves {infuse}
SInv    .            (no boots)
Will    .....        (no amulet) Stlth
                     (no ring)
HPRegen 0.28/turn    (no ring)
MPRegen 0.11/turn

%: infuse magic (1 MP)
@: no status effects
A: sickness immunity, AC +5, negative energy resistance 1, electricity
resistance, torment resistance 1, petrification resistance, agile 1
a: no special abilities


You were on level 5 of the Dungeon.
You visited 1 branch of the dungeon, and saw 5 of its levels.

You collected 205 gold pieces.

Inventory:

Hand Weapons
 a - a +0 flail (weapon)
 G - a +0 mace of holy wrath
Armour
 b - a +0 scale mail (worn)
 c - a +0 buckler (worn)
 k - a +2 helmet (worn)
 r - a +0 pair of gloves
 x - a +1 pair of gloves of infusion (worn)
Wands
 d - a wand of flame (4)
Scrolls
 e - 8 scrolls of identify {unknown}
 f - 2 scrolls of magic mapping {unknown}
 g - 2 scrolls of fog {unknown}
 j - a scroll of teleportation {unknown}
 l - 3 scrolls of enchant weapon {unknown}
 m - 2 scrolls of immolation {unknown}
 o - 3 scrolls of poison {unknown}
 p - 3 scrolls of enchant armour {unknown}
 s - a scroll of brand weapon {unknown}
 u - a scroll of butterflies {unknown}
 v - 2 scrolls of vulnerability {unknown}
 w - 2 scrolls of noise {unknown}
 y - a scroll of amnesia {unknown}
 C - 4 scrolls of blinking {unknown}
 D - a scroll of silence {unknown}
 F - a scroll of fear {unknown}
Potions
 h - a potion of invisibility {unknown}
 i - a potion of attraction {unknown}
 n - 2 potions of heal wounds {unknown}
 q - a potion of brilliance {unknown}
 t - a potion of mutation
 z - a potion of curing {unknown}
 A - a potion of resistance {unknown}
 B - a potion of haste {unknown}
 E - a potion of cancellation {unknown}


   Skills:
 + Level 6.4 Fighting
 * Level 7.5 Maces & Flails
 - Level 3.2 Armour
 - Level 3.2 Shields


You had 7 spell levels left.
You didn't know any spells.
Your spell library was empty.

Dungeon Overview and Level Annotations

Branches:
Dungeon (5/15)
 Temple: D:4-7

Altars:
Ru

Annotations:
D:1 2 transporters
D:4 exclusion: downstairs


Innate Abilities, Weirdness & Mutations

You are immune to sickness and miasma.
Your stone body is resilient. (AC +5)
You are immune to poison.
You resist negative energy. (rN+)
You are resistant to electric shocks. (rElec)
You are resistant to unholy torment.
You are immune to petrification.
You are agile. (Dex +4, Str/Int -1)


Message History

The black bear claws you but does no damage.
You block the black bear's attack.
You barely miss the black bear.
The black bear is almost dead.
The black bear bites you but does no damage.
The black bear claws you but does no damage. x2
The black bear barely misses you. x2; The black bear claws you.
You hit the black bear but do no damage.
The black bear is almost dead.
You block the black bear's attack.
The black bear claws you but does no damage.
You block the black bear's attack.
You barely miss the black bear.
The black bear is almost dead.
The black bear bites you but does no damage.
The black bear claws you but does no damage. x2
The black bear bites you but does no damage.
You block the black bear's attack. The black bear claws you.
You barely miss the black bear.
The black bear is almost dead.
The black bear bites you. You block the black bear's attack.
The black bear completely misses you.
You hit the black bear.
You kill the black bear!
You have reached level 8!
You feel stronger.
You barely miss the ogre. The ogre misses you.
You sock the ogre!
The ogre is heavily wounded.
The ogre hits you with a +0 giant spiked club!
* * * LOW HITPOINT WARNING * * *
You hit the ogre.
The ogre is heavily wounded.
You hit the ogre but do no damage.
The ogre is heavily wounded.
The ogre barely misses you.
You barely miss the ogre.
The ogre is heavily wounded.
The ogre hits you with a +0 giant spiked club!
You die...

... .... ###... #######
#..... #....)# #.....
#.....#
.#.....####...#######
........##....O@....#
...........########.#
..................#.#
..................#.#####
#.#...............#...†.#
..................#####.#
#.#.......##.....## #.#
..........##.##### ##.#
###......## ## #.^#


You could see an ogre.

Vanquished Creatures
  Sigmund (D:2)
  Menkaure (D:4)
  A black bear (D:5)
  An ogre (D:5)
  Blork the orc (D:5)
  A phantom (D:5)
  3 hounds
  A sleepcap (D:4)
  An iguana (D:4)
  7 adders
  2 worms (D:2)
  A dart slug (D:2)
  8 orcs
  4 bats
  3 endoplasms
  4 giant cockroaches
  8 goblins
  6 hobgoblins
  3 jackals (D:1)
  2 quokkas (D:3)
  5 ball pythons
  5 frilled lizards
  8 kobolds
  5 rats
82 creatures vanquished.

Notes
Turn   | Place    | Note
-------+----------+-------------------------------------------
     0 | D:1      | nightchill the Gargoyle Fighter began the quest for the
                  | Orb.
     0 | D:1      | Reached XP level 1. HP: 14/14 MP: 1/1
   208 | D:1      | Reached XP level 2. HP: 19/19 MP: 2/2
   636 | D:1      | Found a faded altar of an unknown god.
   698 | D:1      | Reached skill level 3 in Maces & Flails
   698 | D:1      | Reached XP level 3. HP: 23/24 MP: 3/3
  1441 | D:2      | Identified the +6 war axe of Anlu {heavy, rPois rF+ Will+
                  | Dex+2}
  1732 | D:2      | Reached XP level 4. HP: 29/29 MP: 4/4
  1748 | D:2      | Noticed Sigmund
  1761 | D:2      | Gained mutation: You are agile. (Dex +4, Str/Int -1)
                  | [potion of mutation]
  1770 | D:2      | Killed Sigmund
  1771 | D:2      | Reached skill level 5 in Maces & Flails
  1771 | D:2      | Reached XP level 5. HP: 18/34 MP: 5/5
  2109 | D:3      | Reached XP level 6. HP: 40/40 MP: 4/6
  2428 | D:3      | Reached skill level 5 in Fighting
  2487 | D:3      | Found a sacrificial altar of Ru.
  3213 | D:4      | Noticed Menkaure
  3218 | D:4      | Killed Menkaure
  3219 | D:4      | Reached skill level 6 in Maces & Flails
  3219 | D:4      | Reached XP level 7. HP: 35/44 MP: 3/7
  3724 | D:5      | Entered Level 5 of the Dungeon
  3771 | D:5      | Noticed Blork the orc
  3783 | D:5      | Killed Blork the orc
  4012 | D:5      | Reached skill level 7 in Maces & Flails
  4125 | D:5      | Reached XP level 8. HP: 30/52 MP: 0/8
  4129 | D:5      | Slain by an ogre

Illustrated notes

Levels and vault maps discovered:
D:1:      spicycebolla_arrival_transporter_tutorial, layout_basic,
          shapermc_ecumenical_altar_hornbeckon
D:2:      layout_basic, serial_aquarium, aquarium_bridge_long_joined
          [aquarium_subvault_bridge, aquarium_subvault_wall,
          aquarium_subvault_balcony, aquarium_subvault_wall,
          aquarium_subvault_balcony, aquarium_subvault_bridge],
          aquarium_bridge_square [aquarium_subvault_bridge,
          aquarium_subvault_wall, aquarium_subvault_window,
          aquarium_subvault_bridge], aquarium_window_fake, aquarium_window_1,
          aquarium_window_1, aquarium_window_corner, aquarium_view_4,
          aquarium_view_2b, aquarium_pool_corner, uniq_sigmund
D:3:      layout_rooms, nicolae_ru_sacrificial_ziggurat, kennysheep_doodads,
          kennysheep_generic_room_5
D:4:      layout_loops_ring, minivault_4, uniq_menkaure
D:5:      layout_cave_pools, serial_co_window_serial, co_window_corner_a,
          co_window_paths_a, co_window_paths_b, co_window_paths_a,
          co_window_paths_b, co_window_of_opportunity_b, co_window_broadway_c,
          co_window_of_opportunity_b, co_window_4corner_b, glass_columns_a,
          glass_columns_a, glass_columns_c, grunt_decor_one_mirror,
          uniq_duvessa, uniq_blork_the_orc

Skill      XL: |  1  2  3  4  5  6  7 |
---------------+----------------------+-----
Maces & Flails | 3 5 6 7 |  7.5
Fighting       | 4 5 6 |  6.4
Armour         | |  3.2
Shields        | |  3.2

Action                     |  1- 3 |  4- 6 |  7- 9 || total
---------------------------+-------+-------+-------++-------
  Melee: Flail             |   116 |   103 |    66 ||   285
    Use: Potion            |       |     2 |       ||     2
 Armour: Scale mail        |    60 |    55 |    52 ||   167
  Dodge: Dodged            |    61 |    56 |    43 ||   160
  Block: Buckler           |    24 |    18 |    15 ||    57
